 Dungeon Crawl Stone Soup version 0.31.0-32-g396128a36d (webtiles) character file.

Game seed: 4072130887257493641

1560 Dharzhak the Cleaver (level 8, 70/70 HPs)
             Began as a Minotaur Fighter on Apr 1, 2024.
             Was an Initiate of the Shining One.
             Quit the game on level 5 of the Dungeon on Apr 17, 2024.
             The game lasted 00:26:28 (5059 turns).

Dharzhak the Cleaver (Minotaur Fighter)             Turns: 5059, Time: 00:26:29

Health: 70/70      AC: 16    Str: 23    XL:     8   Next: 58%
Magic:  7/7        EV:  8    Int:  5    God:    the Shining One [......]
Gold:   49         SH: 18    Dex: 10    Spells: 7/7 levels left

rFire   x . .        a - +0 war axe
rCold   + + .        n - +0 tower shield
rNeg    . . .        q - +0 ice dragon scales
rPois   .            (helmet restricted)
rElec   .            (no cloak)
rCorr   .            (no gloves)
SInv    .            B - +0 pair of boots
Will    .....        p - amulet of reflection Stlth
                     g - +4 ring of protection
HPRegen 0.31/turn    (no ring)
MPRegen 0.10/turn

%: reflection
@: glowing
A: horns 2, retaliatory headbutt
a: Renounce Religion


You were on level 5 of the Dungeon.
You worshipped the Shining One.
The Shining One was noncommittal.
You visited 2 branches of the dungeon, and saw 6 of its levels.
You also visited: Sewer.

You collected 259 gold pieces.
You spent 210 gold pieces at shops.

Inventory:

Hand Weapons
 a - a +0 war axe (weapon)
 l - a +0 hand axe of electrocution
 r - a +4 sling
Missiles
 f - 44 stones
 k - a throwing net
 t - 11 poisoned darts (quivered)
 A - 10 boomerangs
Armour
 m - a +0 chain mail
 n - a +0 tower shield (worn)
 q - +0 ice dragon scales (worn)
 B - a +0 pair of boots (worn)
Magical Staves
 j - a staff of earth
Jewellery
 c - an amulet of the acrobat
 g - a +4 ring of protection (left hand)
 p - an amulet of reflection (around neck)
 C - an amulet of guardian spirit
Talismans
 w - a blade talisman
Wands
 x - a wand of iceblast (5)
 y - a wand of paralysis (11)
Scrolls
 o - 3 scrolls of teleportation
 G - a scroll of fear
 H - a scroll of amnesia
 I - a scroll of enchant weapon
Potions
 b - a potion of invisibility {unknown}
 d - 4 potions of might
 h - 4 potions of curing
 i - a potion of cancellation {unknown}
 s - 3 potions of ambrosia
 u - a potion of brilliance {unknown}
 v - a potion of lignification {unknown}
 z - a potion of enlightenment {unknown}
 D - 2 potions of heal wounds
 E - a potion of haste {unknown}
 F - 2 potions of mutation


   Skills:
 + Level 5.8 Fighting
 + Level 8.8 Axes
 + Level 2.0 Throwing
 + Level 6.1 Armour
 + Level 2.2 Dodging
 + Level 0.6 Stealth
 + Level 6.8 Shields


You had 7 spell levels left.
You didn't know any spells.
Your spell library contained the following spells:

 Spells                   Type           Power      Damage    Failure   Level
 Freeze                   Ice            0%         1d3       100%        1
 Kiss of Death            Conj/Necr      0%         2d5       100%        1
 Slow                     Hex            0%         N/A       100%        1
 Scorch                   Fire           0%         2d5       100%        2
 Confusing Touch          Hex            0%         N/A       100%        3
 Frozen Ramparts          Ice            0%         1d1       100%        3
 Hailstorm                Conj/Ice       0%         3d5       100%        3
 Sigil of Binding         Hex            0%         N/A       100%        3
 Vampiric Draining        Necr           0%         2d6       100%        3
 Volatile Blastmotes      Fire/Tloc      0%         2d10      100%        3
 Dispel Undead            Necr           0%         3d6       100%        4
 Fulminant Prism          Conj/Alch      0%         3d5       100%        4
 Iskenderun's Mystic Bla  Conj/Tloc      0%         2d3       100%        4
 Plasma Beam              Fire/Air       0%         2x1d10    100%        6
 Ignition                 Fire           0%         3d3       100%        8


Dungeon Overview and Level Annotations

Branches:
Dungeon (5/15)             Temple (1/1) D:5           Sewer (visited)

Altars:
Ashenzari
Cheibriados
Dithmenos
Elyvilon
Fedhas
Gozag
Hepliaklqana
Kikubaaqudgha
Nemelex Xobeh
Okawaru
Qazlal
Ru
Sif Muna
Uskayaw
Wu Jian
Xom
Yredelemnul
Zin
The Shining One

Shops:
D:5 ?


Innate Abilities, Weirdness & Mutations

You have a pair of horns on your head.
You reflexively headbutt those who attack you in melee.


Message History

You climb upwards.
There is a stone staircase leading down here.
A - 10 boomerangs (gained 6) Done exploring.
Done exploring.
Done exploring.
Done exploring.
What level of the Dungeon? (default 4, ? - help)
There is a stone staircase leading down here.
You climb downwards.
There is a stone staircase leading up here.
You see here a +0 buckler.
What level of the Dungeon? (default 4, ? - help)
There is a stone staircase leading down here.
You climb downwards.
There is a stone staircase leading up here.
Unknown command.
There is a stone staircase leading up here.
You climb upwards.
Found 11 gold pieces.
There is a stone staircase leading down here.
Found a broken altar of Ashenzari.
You now have 38 gold pieces (gained 9).
You now have 49 gold pieces (gained 11).
There is a broken altar of Ashenzari here.
There is a stone staircase leading down here.
You climb downwards.
There is a stone staircase leading up here.
Welcome back, Dharzhak the Minotaur Fighter.
The Shining One says: Lead the forces of light to victory!
Press ? for a list of commands and other information.
No item to drop.
You are a level 8 Minotaur Fighter.
You are 58% of the way to level 9.
Play time: 00:25:57 (5059 turns).
Zot will find you in 25148 turns if you stay in this branch and explore no new floors.
Unknown command.
Unknown command.
Okay, then.
Unknown command.
Are you sure you want to abandon this character and quit the game? (Confirm with "yes".)

#.###.#####.########.#.#######...
#.....# ###.########..#..........
#.##### #..............#.#####.##
#.# #.#..............## #.## #.#
#.#.########.#....# #.## #.#
#.#.# #.###..# #.## #.# #.#.#
#.###..####.##
#.#######.#.########.............
#...............@........####.###
#.#####.#.#.###.####.##..####.###
#.#####.#.#.# #.# #.##..........
#.........#.# #.# #.##.#####.###
#..####.###.# #.# #.##.# #.# #..#
#.# #.###.####.##.# #.# #>.#
#.###.............# #.# #..#
#.........####.#### #.#
#..#########...## #.##### #.#


There were no monsters in sight!

Vanquished Creatures
  A two-headed ogre (D:5)
  Menkaure (D:4)
  2 black bears (D:5)
  2 scorpions (D:5)
  2 bombardier beetles
  A hound (D:4)
  5 jellies
  Jessica (D:2)
  3 gnolls (D:3)
  8 adders
  5 river rats (Sewer)
  2 shadow imps
  3 dart slugs
  5 ribbon worms
  10 orcs
  13 endoplasms
  5 giant cockroaches
  14 goblins
  7 hobgoblins
  7 jackals
  10 kobolds
  10 quokkas
  7 ball pythons
  5 bats
  7 frilled lizards
  10 rats
146 creatures vanquished.

Vanquished Creatures (others)
  A scorpion (D:5)
1 creature vanquished.

Grand Total: 147 creatures vanquished

Notes
Turn   | Place    | Note
-------+----------+-------------------------------------------
     0 | D:1      | Dharzhak the Minotaur Fighter began the quest for the Orb.
     0 | D:1      | Reached XP level 1. HP: 19/19 MP: 0/0
    10 | D:1      | Got Heaschuucs's Precepts of Sweltering Movement
   132 | D:1      | Reached XP level 2. HP: 27/27 MP: 1/1
   450 | D:2      | Reached XP level 3. HP: 33/33 MP: 2/2
   481 | D:2      | Reached skill level 3 in Axes
   632 | D:2      | Noticed Jessica
   636 | D:2      | Killed Jessica
   730 | D:2      | Reached XP level 4. HP: 41/41 MP: 3/3
   838 | D:2      | Identified the +1 robe of Complete Protection {rF+ Dex+2
                  | Archmagi}
  1319 | D:3      | Reached XP level 5. HP: 43/47 MP: 4/4
  1330 | D:3      | Reached skill level 1 in Dodging
  1425 | D:3      | Found an ancient bone altar of Kikubaaqudgha.
  1432 | D:3      | Found a glowing golden altar of the Shining One.
  1602 | D:3      | Reached skill level 5 in Shields
  1626 | D:3      | Became a worshipper of the Shining One
  1854 | D:3      | Found a glowing silver altar of Zin.
  1860 | D:3      | Found an iron altar of Okawaru.
  1862 | D:3      | Reached skill level 4 in Axes
  1866 | D:3      | Found a shimmering blue altar of Sif Muna.
  1872 | D:3      | Found a hazy altar of Hepliaklqana.
  2022 | D:3      | Found a faded altar of an unknown god.
  2338 | D:4      | Reached XP level 6. HP: 55/55 MP: 5/5
  2343 | D:4      | Reached skill level 5 in Axes
  2356 | D:4      | Noticed Menkaure
  2364 | D:4      | Killed Menkaure
  2365 | D:4      | Reached skill level 1 in Throwing
  3118 | D:4      | Found a hide-covered altar of Uskayaw.
  3279 | D:5      | Entered Level 5 of the Dungeon
  3290 | D:5      | Noticed a two-headed ogre
  3299 | D:5      | Killed a two-headed ogre
  3300 | D:5      | Reached skill level 5 in Fighting
  3300 | D:5      | Reached skill level 7 in Axes
  3300 | D:5      | Reached skill level 5 in Armour
  3300 | D:5      | Reached XP level 7. HP: 32/61 MP: 6/6
  3300 | D:5      | Reached XP level 8. HP: 36/69 MP: 7/7
  3487 | D:5      | Found Atuts's Magic Scroll Shoppe.
  3492 | D:5      | Bought a scroll of revelation for 105 gold pieces
  3644 | D:5      | Found a glowing drain.
  3648 | Sewer    | Entered a sewer
  3819 | Sewer    | Found a viscous altar of Jiyva.
  3870 | Sewer    | Reached skill level 8 in Axes
  4041 | D:5      | Found a stormy altar of Qazlal.
  4228 | D:5      | Found a staircase to the Ecumenical Temple.
  4619 | D:5      | Bought a scroll of enchant weapon for 105 gold pieces
  4673 | Temple   | Entered the Ecumenical Temple
  5035 | D:4      | Found a broken altar of Ashenzari.
  5059 | D:5      | Quit the game

Illustrated notes

Levels and vault maps discovered:
D:1:      dpeg_arrival_three_same_balls, layout_basic
D:2:      layout_loops_cross, hangedman_decor_clover_reticule,
          corexii_corridor_pit, uniq_jessica
D:3:      minmay_general_purpose_star, layout_rooms,
          grunt_temple_overflow_cloverleaf,
          mainiacjoe_overflow_concentric_impassable, amcnicky_altar_gilded,
          chequers_ecumenical_altar_lobes, chequers_serial_rivers_micro_c
D:4:      layout_loops_ring, nicolae_overflow_hidden_temple,
          nicolae_uskayaw_dance_hall, serial_co_window_serial,
          co_window_paths_a, co_window_paths_a, co_window_of_opportunity_a,
          co_window_paths_a, co_window_of_opportunity_a, co_window_paths_a,
          co_window_broadway_a, co_window_broadway_c, co_window_broadway_c,
          co_window_paths_c, co_window_broadway_c, co_window_broadway_b,
          mrwooster_statue_mirror, hangedman_abyss_or_decor_lesser_grid,
          uniq_menkaure
D:5:      layout_loops_ring, grunt_qazlal_clouds, minmay_temple_entry_glass,
          serial_shops, kennysheep_little_box, gup_sewer_entry_spiral,
          minmay_liquid_box, chequers_serial_rivers_room_a,
          kennysheep_generic_room_3
Temple:   jpeg_temple_alley_garden

Skill      XL: |  1  2  3  4  5  6  7  8 |
---------------+-------------------------+-----
Armour         | 4 5 6 |  6.1
Shields        | 4 5 6 |  6.8
Fighting       | 4 5 |  5.8
Axes           | 3 4 7 8 |  8.8
Dodging        | 1 2 |  2.2
Throwing       | 1 2 |  2.0
Stealth        | |  0.6

Action                     |  1- 3 |  4- 6 |  7- 9 || total
---------------------------+-------+-------+-------++-------
  Melee: War axe           |    51 |   148 |    83 ||   282
         Headbutt          |     8 |    23 |    11 ||    42
  Throw: Dart              |       |    18 |     4 ||    22
    Use: Scroll            |       |     5 |     4 ||     9
   Stab: Held in net/web   |       |     1 |       ||     1
 Armour: Scale mail        |    14 |       |       ||    14
         Chain mail        |    16 |    69 |    14 ||    99
         Ice dragon scales |       |       |    19 ||    19
  Dodge: Dodged            |    17 |    22 |    15 ||    54
  Block: Buckler           |    14 |       |       ||    14
         Tower shield      |    11 |   151 |    87 ||   249
         Reflection        |       |     7 |     3 ||    10
